Unix NetHack Version 3.7.0-90 Work-in-progress - last build Dec 4 2023 15:25:40 (a4ad6ea61a8c493010e15c9251bbb19a34919cb7,branch:master). Game began 2023-12-10 11:35:54, ended 2023-12-10 11:49:21. elenmirie, neutral female human Priestess ..). ..)fo$ ..--@B -.|-.. --- ----.)| --..||....-- |<..--.---- --...... |...... |..-- ---- Elenmirie the Acolyte St:12 Dx:13 Co:15 In:10 Wi:17 Ch:10 Neutral Dlvl:5 $:219 HP:0(39) Pw:39(39) AC:7 Xp:4/139 T:2287 Latest messages: Coco bites the gnome. You kill the gnome! Coco eats an uncursed gnome corpse. The runed dagger misses Coco. You are hit by a runed dagger. You swap places with Coco. The hobbit hits! You kill the hobbit! You hear crashing rock. You kill the gnome! You see here 3 uncursed daggers. You miss the gnome lord. The gnome lord hits! You hit the gnome lord. The gnome lord hits! You hit the gnome lord! The gnome lord hits! You miss the gnome lord. You kill the gnome lord! A crossbow bolt misses you. You are almost hit by a crossbow bolt. There is an uncursed gnome lord corpse here; eat it? [ynq] (n) y This gnome lord corpse is stringy. You hear crashing rock. You are hit by a crossbow bolt. You stop eating the gnome lord corpse. You miss the gnome. You miss the gnome. You kill the gnome! Coco drops an uncursed runed dagger. An arrow misses you. There is an uncursed partly eaten gnome lord corpse here; eat it? [ynq] (n) y You resume your meal. You are hit by an arrow. You stop eating the gnome lord corpse. The hill orc falls into a pit! The hill orc picks up an uncursed crossbow. Coco eats an uncursed partly eaten gnome lord corpse. You kill the hill orc! You hear crashing rock. You are hit by an arrow! The giant bat bites! You hit the giant bat! The giant bat bites! You die... Do you want your possessions identified? [ynq] (y) y Do you want to see your attributes? [ynq] (y) y Do you want an account of creatures vanquished? [ynaq] (y) y Do you want to see your conduct and achievements? [ynq] (y) y Do you want to see the dungeon overview? [ynq] (y) y Inventory: Coins $ - 219 gold pieces Amulets j - an uncursed amulet of reflection (being worn) Weapons H - 9 uncursed +0 darts a - a blessed +1 mace (weapon in right hand) Armor c - an uncursed +0 small shield (being worn) b - an uncursed +0 robe (being worn) Comestibles k - a cursed carrot y - an uncursed clove of garlic A - a cursed clove of garlic z - 2 uncursed food rations B - 2 cursed food rations u - an uncursed fortune cookie f - 2 uncursed sprigs of wolfsbane C - a cursed sprig of wolfsbane v - an uncursed tripe ration Scrolls t - an uncursed scroll of amnesia I - an uncursed scroll of enchant armor P - an uncursed scroll of fire J - a cursed scroll of identify w - a blessed scroll of magic mapping Spellbooks g - an uncursed spellbook of healing h - an uncursed spellbook of identify o - an uncursed spellbook of jumping M - an uncursed spellbook of wizard lock Potions K - an uncursed potion of booze n - an uncursed potion of confusion N - a cursed potion of extra healing E - a cursed potion of fruit juice r - 2 uncursed potions of gain energy F - a cursed potion of oil L - an uncursed potion of see invisible d - 3 potions of holy water Wands O - an uncursed wand of speed monster (0:6) Tools l - a cursed horn of plenty (0:0) p - an uncursed magic whistle e - an uncursed skeleton key x - an uncursed towel Elenmirie the Priestess's attributes: Background: You were an Acolyte, a level 4 human Priestess. You were neutral, nominally on a mission for Brigit who was opposed by Lugh (lawful) and Manannan Mac Lir (chaotic). You were right-handed. You were in the Gnomish Mines, on level 5. You entered the dungeon 2287 turns ago. You had 139 experience points, 21 more were needed to attain level 5. Basics: You had 0 out of 39 hit points. You had all 39 energy points (spell power). Your armor class was 7. Your wallet contained 219 zorkmids. Autopickup was on for '$' plus thrown. Final Characteristics: Your strength was 12 (limit:18/100). Your dexterity was 13 (limit:18). Your constitution was 15 (limit:18). Your intelligence was 10 (limit:18). Your wisdom was 17 (limit:18). Your charisma was 10 (limit:18). Final Status: You weren't hungry. You were unencumbered. You were wielding a mace. You had basic skill with mace. Final Attributes: You were piously aligned. You were telepathic. You were guarded. You had reflection. You are dead. Miscellaneous: You never encountered a bones level. Total elapsed playing time was 13 minutes and 27 seconds. Major events: Turn 1: elenmirie the neutral human Priestess entered the dungeon 1246: attained the rank of Acolyte (level 3) 2233: entered the Gnomish Mines 2287: killed by a giant bat Vanquished creatures: a gnome leader a floating eye a kitten 2 homunculi a hill orc 2 werejackals an acid blob 2 hobbits a yellow mold a red mold 5 gnomes 3 geckos 5 jackals 2 foxes 2 kobolds 3 goblins 2 sewer rats a grid bug a bat 2 lichens 4 kobold zombies 9 newts 52 creatures vanquished. No species were genocided or became extinct. Voluntary challenges: You were an atheist. You read items or engraved 3 times. You never engraved Elbereth. You never genocided any monsters. You never polymorphed an object. You never changed form. You used no wishes. Achievements: You attained the rank of Acolyte. You entered the Gnomish Mines. The Dungeons of Doom: levels 1 to 5 Level 1: An altar. Level 2: Some fountains. Level 3: Level 4: Some fountains. Stairs down to The Gnomish Mines. Level 5: The Gnomish Mines: Level 5: <- You were here. Final resting place for you, killed by a giant bat. Game over: ---------- / \ / REST \ / IN \ / PEACE \ / \ | elenmirie | | 219 Au | | killed by a | | giant bat | | | | | | 2023 | *| * * * | * _________)/\\_//(\/(/\)/\//\/|_)_______ Goodbye elenmirie the Priestess... You died in The Gnomish Mines on dungeon level 5 with 954 points, and 219 pieces of gold, after 2287 moves. You were level 4 with a maximum of 39 hit points when you died.